 Dungeon Crawl Stone Soup version 0.16-a0-1157-gec61f8e (webtiles) character file.

300 RobertPalmer the Cudgeler (level 6, -4/42 HPs)
             Began as an Octopode Fighter on Oct 8, 2014.
             Killed from afar by an orc (27 damage)
             ... with a wand of cold
             ... on level 4 of the Dungeon.
             The game lasted 00:05:07 (3760 turns).

RobertPalmer the Cudgeler (Octopode Fighter)        Turns: 3760, Time: 00:05:08

Health: -4/42      AC:  1    Str: 15    XL:     6   Next: 36%
Magic:  6/6        EV: 11    Int: 12    God:
Gold:   122        SH:  9    Dex: 14    Spells: 0 memorised, 5 levels left

rFire  . . .     SeeInvis .     a - +0 flail
rCold  . . .     Clarity  .     c - +0 shield
rNeg   . . .     SustAb   .     (helmet restricted)
rPois  .         Gourm    .     (no amulet)
rElec  .         Spirit   .     q - ring of protection from magic
rCorr  .         Warding  .     y - +2 ring of dexterity
rMut   .         Stasis   .     (no ring)
MR     +....                    (no ring)
Stlth  ++........               (no ring)
                                (no ring)
                                (no ring)
                                (no ring)

@: very slightly contaminated, invisible (expiring), somewhat resistant to
hostile enchantments, unstealthy
A: almost no armour, amphibious, 8 rings, constrict 8, camouflage 1, gelatinous
body 1
a: no special abilities


You were on level 4 of the Dungeon.
You were not hungry.

You visited 1 branch of the dungeon, and saw 4 of its levels.

You collected 122 gold pieces.


Innate Abilities, Weirdness & Mutations

You cannot wear most types of armour.
You are amphibious.
You can wear up to eight rings at the same time.
You can use your tentacles to constrict many enemies at once.
Your skin changes colour to match your surroundings (Stealth).
Your rubbery body absorbs attacks (AC +1).


   Skills:
 - Level 3.0 Fighting
 + Level 6.5 Maces & Flails
 - Level 3.0 Dodging
 - Level 3.0 Shields


You had 5 spell levels left.
You didn't know any spells.

Inventory:

Hand weapons
 a - a +0 flail (weapon)
Armour
 c - a +0 shield (worn)
Magical devices
 o - a wand of invisibility (3)
Comestibles
 d - 2 bread rations
 p - 2 slices of pizza
 v - 2 meat rations
 z - 2 chunks of worker ant flesh {@*1}
Scrolls
 i - a scroll of magic mapping {unknown}
 j - 2 scrolls of remove curse {unknown}
 k - a scroll of random uselessness {unknown}
 n - a scroll of enchant weapon {unknown}
 s - a scroll of amnesia {unknown}
 w - a scroll of teleportation {unknown}
 x - a scroll of recharging {unknown}
Jewellery
 f - an uncursed ring of ice
 q - a ring of protection from magic (left tentacle)
 y - a +2 ring of dexterity (right tentacle)
Potions
 e - 2 potions of might
 g - 2 potions of mutation {unknown}
 h - 4 potions of curing {unknown}
 l - a potion of heal wounds
 m - 2 potions of degeneration {unknown}
 r - a potion of cancellation {unknown}
 t - 2 potions of restore abilities {unknown}
 u - a potion of brilliance {unknown}

Dungeon Overview and Level Annotations

Branches:
Dungeon (4/15)
 Temple: D:4-7

Altars:
Gozag

#.#.....###.....
#..>............
#.......#'#.....
#............###
########............#
#...................#
#......o.........)..#
#.....o......%......#
#....%@.............#
#.........####......#
########### ########


You could see 2 orcs.


Message History

You wasted at least one charge getting the wand working.
The orc zaps a wand.
The bolt of cold misses you.
The orc zaps a wand.
You see here an adder corpse.
An orc opens the door.
The orc zaps a wand.
You see here a whip.
Drink which item? (? for menu, Esc to quit)
You feel much better.
The orc zaps a wand.
The bolt of cold misses the orc.
The bolt of cold hits you! You block the orc's attack.
You closely miss the orc. You grab the orc. You constrict the orc.
The orc zaps a wand.
The bolt of cold hits the orc.
The orc dies!
The bolt of cold misses you.
An orc comes into view. It is wielding a halberd.
You see here an orc corpse.
You flicker for a moment.
You see here a whip.
Your shield prevents you from hitting the orc.
You grab the orc. You squeeze the orc, but do no damage.
The orc zaps a wand.
The bolt of cold misses you.
You strike the helpless orc from behind!
You hit the orc but do no damage. You constrict the orc.
The orc closely misses you. The orc barely misses you.
You barely miss the orc.
The orc is heavily wounded.
You constrict the orc.
The orc zaps a wand.
The bolt of cold hits you!
Ouch! That really hurt!
You die...

Action                   |  1- 3 |  4- 6 || total
-------------------------+-------+-------++-------
Melee: Flail             |    68 |   116 ||   184
Evoke: Wand              |       |     1 ||     1
  Use: Scroll            |     1 |     2 ||     3
       Potion            |     1 |     2 ||     3
 Stab: Sleeping          |     3 |     4 ||     7
       Invisible         |       |     1 ||     1
  Eat: Chunk             |     2 |     7 ||     9

Vault maps used:
D:1:      roderic_chinese_lattice_arrival
D:2:      kennysheep_potato
D:3:      nicolae_gozag_seed_capital, first_bread
D:4:      gammafunk_temple_overflow_pools

Notes
Turn   | Place    | Note
--------------------------------------------------------------
     0 | D:1      | RobertPalmer, the Octopode Fighter, began the quest for the Orb.
     0 | D:1      | Reached XP level 1. HP: 16/16 MP: 1/1
   269 | D:1      | Reached XP level 2. HP: 18/21 MP: 2/2
   519 | D:1      | Reached skill level 3 in Maces & Flails
   881 | D:2      | Reached XP level 3. HP: 16/26 MP: 3/3
  1535 | D:2      | Reached skill level 4 in Maces & Flails
  1574 | D:2      | Reached XP level 4. HP: 31/31 MP: 4/4
  1614 | D:2      | Noticed a giant frog
  1617 | D:2      | Killed a giant frog
  1617 | D:2      | Reached skill level 5 in Maces & Flails
  1617 | D:2      | Reached XP level 5. HP: 30/36 MP: 5/5
  2129 | D:3      | Found an opulent altar of Gozag.
  3256 | D:3      | Reached skill level 6 in Maces & Flails
  3520 | D:4      | Reached XP level 6. HP: 38/42 MP: 6/6
  3760 | D:4      | Killed from afar by an orc

Vanquished Creatures
  A giant frog (D:2)
  A hound (D:4)
  A worker ant (D:4)
  7 adders
  4 worms (D:3)
  3 giant geckos
  5 orcs
  2 ball pythons
  9 bats
  10 hobgoblins
  6 jackals
  14 kobolds
  5 quokkas
  2 giant cockroaches
  6 giant newts
  8 goblins
  2 rats
86 creatures vanquished.

Vanquished Creatures (others)
  An orc (D:4)
1 creature vanquished.

Grand Total: 87 creatures vanquished
